 Dungeon Crawl Stone Soup version 0.29.0-4-gdea44cf6ec (webtiles) character file.

Game seed: 13075808250413260764

16584 qw the Grappler (level 12, -10/114 HPs)
             Began as a Troll Cinder Acolyte on Aug 30, 2022.
             Was an Initiate of Okawaru.
             Mangled by a fire elemental (14 damage)
             ... created by the fiery vengeance of Ignis
             ... on level 2 of the Lair of Beasts.
             The game lasted 00:04:42 (9654 turns).

qw the Grappler (Troll Cinder Acolyte)              Turns: 9654, Time: 00:04:42

Health: -10/114    AC:  8    Str: 29    XL:     12   Next: 11%
Magic:  12/12      EV:  8    Int: 10    God:    Okawaru [......]
Gold:   916        SH: 14    Dex:  5    Spells: 13/13 levels left

rFire   . . .      SeeInvis .     - Unarmed
rCold   . . .      Faith    .   h - +0 kite shield
rNeg    . . .      Spirit   .   a - +0 robe
rPois   +          Reflect  +   r - +1 hat
rElec   .          Harm     .   p - +2 cloak
rCorr   .          Rampage  .   (gloves unavailable)
Will    .....                   (boots unavailable)
Stlth   +.........              c - amulet of reflection
HPRegen 1.09/turn               l - +4 ring of slaying {mikee}
MPRegen 0.13/turn               k - ring of poison resistance

@: fire susceptible
A: large, unfitting armour, claws 3, regeneration 1, shaggy fur 1, tough skin 1
a: Renounce Religion


You were on level 2 of the Lair of Beasts.
You worshipped Okawaru.
Okawaru was noncommittal.
You visited 3 branches of the dungeon, and saw 11 of its levels.

You collected 916 gold pieces.


Innate Abilities, Weirdness & Mutations

You are too large for most types of armour.
You have claws for hands.
Your natural rate of healing is unusually fast.
You are covered in fur. (AC +1)
You have tough skin. (AC +1)


   Skills:
 - Level 6.0 Fighting
 + Level 5.8 Throwing
 - Level 1.1 Armour
 - Level 1.2 Dodging
 - Level 10.0 Shields
 - Level 14.0 Unarmed Combat
 - Level 1.0 Spellcasting
 - Level 2.1 Fire Magic


You had 13 spell levels left.
You didn't know any spells.
Your spell library contained the following spells:

 Spells                   Type           Power      Damage    Failure   Level
 Scorch                   Fire           8%         2d5       36%         2

Inventory:

Missiles
 f - 2 boomerangs
 o - 3 large rocks (quivered)
Armour
 a - a +0 robe (worn)
 h - a +0 kite shield (worn)
 p - a +2 cloak (worn)
 r - a +1 hat (worn)
Jewellery
 c - an amulet of reflection (around neck)
 k - a ring of poison resistance (right claw)
 l - a +4 ring of slaying (left claw) {mikee}
 q - a +4 ring of evasion
 s - a ring of protection from cold
Scrolls
 d - 2 scrolls of identify
 j - 2 scrolls of brand weapon
 m - 4 scrolls of enchant weapon
Potions
 e - 3 potions of curing
 g - a potion of haste
 i - a potion of ambrosia {unknown}
 n - a potion of lignification {unknown}

Dungeon Overview and Level Annotations

Branches:
Dungeon (8/15)             Temple (1/1) D:4            Lair (2/5) D:8
  Swamp (0/4) Lair:2
  Snake: Lair:2-3    Spider: Lair:2-3

Altars:
Ashenzari
Cheibriados
Dithmenos
Elyvilon
Fedhas
Kikubaaqudgha
Makhleb
Nemelex Xobeh
Okawaru
Qazlal
Ru
Sif Muna
Trog
Uskayaw
Vehumet
Wu Jian
Xom
Zin
The Shining One

Shops:
D:5 [

Annotations:
D:4 2 runed translucent doors


Message History

You feel much better.
You block the fire elemental's attack. x2; The fire elemental hits you.
The fire elemental burns you! The fire elemental hits you.
The fire elemental burns you! You block the fire elemental's attack.
The fire elemental completely misses you.
9646 ||| DRINKING potion of heal wounds.
You feel much better. The fire elemental hits you.
The fire elemental burns you! You block the fire elemental's attack.
The fire elemental barely misses you. The fire elemental closely misses you.
The fire elemental hits you. The fire elemental burns you!
The fire elemental hits you. The fire elemental burns you!
You mangle the fire elemental!!
You destroy the fire elemental!
That felt strangely unrewarding.
You feel yourself speed up. The fire elemental barely misses you.
The fire elemental hits you. The fire elemental burns you!
You claw the fire elemental!
The fire elemental is moderately damaged.
You block the fire elemental's attack. The fire elemental closely misses you.
You closely miss the fire elemental.
The fire elemental is moderately damaged.
You block the fire elemental's attack. The fire elemental barely misses you.
You mangle the fire elemental!!
You destroy the fire elemental!
That felt strangely unrewarding.
You block the fire elemental's attack. x2
You miss the fire elemental. The fire elemental hits you.
The fire elemental burns you!
You claw the fire elemental!
The fire elemental is heavily damaged.
The fire elemental hits you. The fire elemental burns you!
You barely miss the fire elemental.
The fire elemental is heavily damaged.
The fire elemental barely misses you.
You claw the fire elemental!
The fire elemental is almost destroyed.
The fire elemental hits you. The fire elemental burns you!
You die...

.....# ##.~~~~~~~~~.~...........
.....####..~~~~~~~~~.#...........
.......##..~~~~~~~~~~............
......##...~~~.<.~~~~............
.....####..~~~~.~~~~.#...........
.....P# #..~~~~~~~~~.#...........
.....## #..~~~~~~~~~.......#.....
.....P###...~~~~~~.~~............
.....###.......~@..###..........#
.....# #........E..P#...........#
.....###...........##P........###
......#............###.......##
..............................#
...........................#.##
...........................###
...........................#
...........................##


You could see a fire elemental.

Vanquished Creatures
  A hydra (Lair:1)
  A catoblepas (Lair:1)
  Sonja (Lair:1)
  Pikel (D:6)
  4 elephants (Lair:1)
  A cyclops (D:7)
  Joseph (Lair:1)
  4 cane toads
  A komodo dragon (Lair:1)
  Grinder (D:6)
  12 blink frogs (Lair:2)
  3 wyverns
  7 fire elementals (Lair:2)
  25 yaks
  2 basilisks (Lair:1)
  7 water moccasins
  A sky beast (D:7)
  An ice beast (D:8)
  An orc warrior (D:8)
  3 black bears
  5 wolves (Lair:2)
  An ogre (D:7)
  3 centaurs
  A phantom (D:7)
  A lemure (D:6)
  7 bullfrogs
  A necrophage (D:5)
  4 scorpions
  5 wights (D:8)
  4 howler monkeys
  3 electric eels (Lair:2)
  4 hounds
  3 jellies
  A gnoll bouda (D:6)
  5 orc priests
  2 iguanas
  5 orc wizards
  9 adders
  20 gnolls
  A shadow imp (D:5)
  3 white imps
  A worm (D:4)
  2 dart slugs
  13 orcs
  7 bats
  5 endoplasms
  3 giant cockroaches
  5 goblins
  6 hobgoblins
  8 kobolds
  A quokka (D:2)
  4 ball pythons
  3 frilled lizards
  5 rats
229 creatures vanquished.

Vanquished Creatures (others)
  30 fungi
  42 plants
72 creatures vanquished.

Grand Total: 301 creatures vanquished

Notes
Turn   | Place    | Note
-------+----------+-------------------------------------------
     0 | D:1      | qw the Troll Cinder Acolyte began the quest for the Orb.
     0 | D:1      | Reached XP level 1. HP: 22/22 MP: 1/1
     0 | D:1      | 0 ||| qw: Version: 0.1-a-95-gae9e614
     0 | D:1      | 0 ||| qw: Game counter: 4421
     0 | D:1      | 0 ||| qw: Always use a shield: true
     0 | D:1      | 0 ||| qw: God list: Okawaru
     0 | D:1      | 0 ||| qw: Allow faded altars: false
     0 | D:1      | 0 ||| qw: Do Orc after D:15 true
     0 | D:1      | 0 ||| qw: Do second Lair branch before Depths: true
     0 | D:1      | 0 ||| qw: Lair rune preference: random
     0 | D:1      | 0 ||| qw: Plans: Normal
     0 | D:1      | 0 ||| PLANNING D:1-11
   370 | D:1      | Reached XP level 2. HP: 28/29 MP: 2/2
   826 | D:1      | 826 ||| READING 2 scrolls labelled MOTHRU PYNIR.
   827 | D:1      | 827 ||| READING 2 scrolls labelled JOLORISAIJ.
   828 | D:1      | 828 ||| READING 2 scrolls labelled ETEAHA YKAOM.
   833 | D:1      | 833 ||| DROPPING scroll of fear.
   948 | D:2      | Reached skill level 4 in Unarmed Combat
  1043 | D:2      | Reached XP level 3. HP: 33/36 MP: 3/3
  1759 | D:2      | 1759 ||| UPGRADING to +0 cloak.
  1764 | D:2      | 1764 ||| READING scroll labelled YPNEWO IPUKH.
  1865 | D:2      | 1865 ||| READING 2 scrolls labelled MUT PUFAAPPOIK.
  1866 | D:2      | 1866 ||| READING 3 scrolls of identify.
  1866 | D:2      | 1866 ||| IDENTIFYING golden potion
  1867 | D:2      | 1867 ||| READING 2 scrolls of identify.
  1867 | D:2      | 1867 ||| IDENTIFYING lumpy cyan potion
  1868 | D:2      | 1868 ||| DROPPING potion of invisibility.
  1950 | D:3      | Found a shadowy altar of Dithmenos.
  1999 | D:3      | Reached XP level 4. HP: 44/44 MP: 4/4
  2024 | D:3      | Reached skill level 5 in Unarmed Combat
  2035 | D:3      | 2035 ||| Stepping ~*~*~tactically~*~*~ (hiding).
  2039 | D:3      | 2039 ||| INVOKING Fiery Armour.
  2044 | D:3      | 2044 ||| Stepping ~*~*~tactically~*~*~ (hiding).
  2046 | D:3      | 2046 ||| Stepping ~*~*~tactically~*~*~ (hiding).
  2065 | D:3      | Reached XP level 5. HP: 19/50 MP: 5/5
  2230 | D:3      | 2230 ||| Stepping ~*~*~tactically~*~*~ (stealth).
  2266 | D:3      | 2266 ||| Stepping ~*~*~tactically~*~*~ (stealth).
  2424 | D:3      | 2424 ||| UPGRADING to +0 kite shield.
  2429 | D:3      | 2429 ||| READING scroll labelled PUDGHU HOTESEIT.
  2430 | D:3      | 2430 ||| READING 2 scrolls of identify.
  2430 | D:3      | 2430 ||| IDENTIFYING white potion
  2573 | D:4      | 2573 ||| INVOKING Fiery Armour.
  2581 | D:4      | Reached skill level 1 in Shields
  2794 | D:4      | Reached XP level 6. HP: 59/59 MP: 6/6
  2804 | D:4      | Found a large runed translucent door.
  2806 | D:4      | Found a large runed translucent door.
  2890 | D:4      | Found a staircase to the Ecumenical Temple.
  2891 | D:4      | 2891 ||| Stepping ~*~*~tactically~*~*~ (hiding).
  2899 | D:4      | Reached skill level 1 in Throwing
  3402 | D:4      | 3402 ||| UPGRADING to +4 ring of slaying {mikee}.
  3403 | D:4      | 3403 ||| READING scroll labelled LUM TUAGASIZ PIR.
  3404 | D:4      | 3404 ||| READING 2 scrolls of identify.
  3404 | D:4      | 3404 ||| IDENTIFYING black potion
  3405 | D:4      | 3405 ||| DROPPING potion of magic.
  3453 | D:5      | Entered Level 5 of the Dungeon
  3549 | D:5      | Found Egara's Dragon-Slaying Spoils.
  3557 | D:5      | 3557 ||| SHOPLISTING +0 fire dragon scales (840 gold, have
                  | 336).
  3557 | D:5      | 3557 ||| SHOPLISTING +0 gold dragon scales (1120 gold, have
                  | 336).
  3557 | D:5      | 3557 ||| SHOPLISTING +0 pearl dragon scales (1400 gold,
                  | have 336).
  3557 | D:5      | 3557 ||| SHOPLISTING +0 shadow dragon scales (1120 gold,
                  | have 336).
  3557 | D:5      | 3557 ||| SHOPLISTING +0 steam dragon scales (560 gold, have
                  | 336).
  3557 | D:5      | 3557 ||| SHOPLISTING +0 storm dragon scales (1120 gold,
                  | have 336).
  3557 | D:5      | 3557 ||| SHOPLISTING +0 swamp dragon scales (700 gold, have
                  | 336).
  3557 | D:5      | 3557 ||| SHOPLISTING +1 acid dragon scales (658 gold, have
                  | 336).
  3557 | D:5      | 3557 ||| SHOPLISTING +1 ice dragon scales (938 gold, have
                  | 336).
  3557 | D:5      | 3557 ||| SHOPLISTING quicksilver dragon scales (840 gold,
                  | have 336).
  3686 | D:5      | Reached skill level 3 in Shields
  3729 | D:5      | 3729 ||| Stepping ~*~*~tactically~*~*~ (hiding).
  3730 | D:5      | 3730 ||| Stepping ~*~*~tactically~*~*~ (hiding).
  3747 | D:5      | Reached skill level 6 in Unarmed Combat
  3747 | D:5      | Reached XP level 7. HP: 64/66 MP: 7/7
  3771 | D:5      | 3771 ||| Stepping ~*~*~tactically~*~*~ (hiding).
  3772 | D:5      | 3772 ||| Stepping ~*~*~tactically~*~*~ (hiding).
  4207 | D:5      | 4207 ||| READING scroll labelled TEIPAVA DIRPH.
  4238 | D:5      | 4238 ||| READING 2 scrolls labelled HEHOICVAMOGO.
  4239 | D:5      | 4239 ||| DROPPING scroll of magic mapping.
  4282 | D:6      | 4282 ||| Stepping ~*~*~tactically~*~*~ (hiding).
  4284 | D:6      | 4284 ||| Stepping ~*~*~tactically~*~*~ (stealth).
  4285 | D:6      | 4285 ||| Stepping ~*~*~tactically~*~*~ (stealth).
  4291 | D:6      | 4291 ||| DRINKING 3 potions of curing.
  4291 | D:6      | 4291 ||| (to cure confusion)
  4296 | D:6      | 4296 ||| DRINKING 2 potions of curing.
  4296 | D:6      | 4296 ||| (to cure confusion)
  4358 | D:6      | Noticed Grinder
  4359 | D:6      | 4359 ||| Stepping ~*~*~tactically~*~*~ (stealth).
  4360 | D:6      | 4360 ||| Stepping ~*~*~tactically~*~*~ (stealth).
  4361 | D:6      | 4361 ||| Stepping ~*~*~tactically~*~*~ (stealth).
  4362 | D:6      | 4362 ||| Stepping ~*~*~tactically~*~*~ (stealth).
  4364 | D:6      | 4364 ||| Stepping ~*~*~tactically~*~*~ (hiding).
  4374 | D:6      | Killed Grinder
  4375 | D:6      | Reached skill level 7 in Unarmed Combat
  4375 | D:6      | Reached XP level 8. HP: 48/74 MP: 8/8
  4468 | D:6      | 4468 ||| Stepping ~*~*~tactically~*~*~ (stealth).
  4480 | D:6      | 4480 ||| Stepping ~*~*~tactically~*~*~ (stealth).
  4481 | D:6      | 4481 ||| Stepping ~*~*~tactically~*~*~ (stealth).
  4482 | D:6      | 4482 ||| Stepping ~*~*~tactically~*~*~ (stealth).
  4483 | D:6      | 4483 ||| Stepping ~*~*~tactically~*~*~ (stealth).
  4744 | D:6      | 4744 ||| Stepping ~*~*~tactically~*~*~ (hiding).
  4745 | D:6      | 4745 ||| Stepping ~*~*~tactically~*~*~ (hiding).
  4983 | D:6      | Found a burning altar of Makhleb.
  4998 | D:6      | 4998 ||| Stepping ~*~*~tactically~*~*~ (hiding).
  5007 | D:6      | Reached skill level 6 in Shields
  5007 | D:6      | 5007 ||| Stepping ~*~*~tactically~*~*~ (hiding).
  5124 | D:6      | 5124 ||| UPGRADING to ring of poison resistance.
  5125 | D:6      | 5125 ||| READING scroll labelled HOILIFOOTE.
  5152 | D:7      | 5152 ||| Stepping ~*~*~tactically~*~*~ (stealth).
  5155 | D:7      | Noticed Pikel
  5156 | D:7      | 5156 ||| Stepping ~*~*~tactically~*~*~ (stealth).
  5157 | D:7      | 5157 ||| STAIRDANCE
  5163 | D:7      | 5163 ||| STAIRDANCE
  5173 | D:6      | Killed Pikel
  5174 | D:6      | Reached skill level 9 in Unarmed Combat
  5191 | D:7      | 5191 ||| Stepping ~*~*~tactically~*~*~ (hiding).
  5405 | D:7      | Reached skill level 3 in Fighting
  5415 | D:7      | Reached XP level 9. HP: 71/81 MP: 9/9
  5500 | D:7      | Identified the +7 rapier of Velleqe {pain, rPois rC+}
  5534 | D:7      | Found a radiant altar of Vehumet.
  5569 | D:7      | 5569 ||| Stepping ~*~*~tactically~*~*~ (hiding).
  5571 | D:7      | 5571 ||| INVOKING Fiery Armour.
  5573 | D:7      | 5573 ||| Stepping ~*~*~tactically~*~*~ (hiding).
  5599 | D:7      | 5599 ||| Stepping ~*~*~tactically~*~*~ (stealth).
  5604 | D:7      | Reached skill level 3 in Throwing
  5604 | D:7      | Noticed a cyclops
  5608 | D:7      | Killed a cyclops
  5627 | D:7      | 5627 ||| DRINKING 2 clear potions.
  5628 | D:7      | 5628 ||| DROPPING potion of flight.
  5629 | D:7      | 5629 ||| READING 3 scrolls of teleportation.
  5701 | D:7      | Reached skill level 1 in Dodging
  5738 | D:7      | 5738 ||| READING scroll labelled ILINEU LORHIZE.
  5743 | D:7      | 5743 ||| Stepping ~*~*~tactically~*~*~ (stealth).
  5747 | D:7      | 5747 ||| READING 2 scrolls of teleportation.
  5929 | D:7      | 5929 ||| Stepping ~*~*~tactically~*~*~ (stealth).
  5930 | D:7      | 5930 ||| Stepping ~*~*~tactically~*~*~ (stealth).
  6087 | D:8      | Reached skill level 10 in Unarmed Combat
  6118 | D:8      | 6118 ||| Stepping ~*~*~tactically~*~*~ (stealth).
  6123 | D:8      | Found a staircase to the Lair.
  6128 | D:8      | 6128 ||| INVOKING Fiery Armour.
  6134 | D:8      | 6134 ||| Stepping ~*~*~tactically~*~*~ (stealth).
  6136 | D:8      | 6136 ||| Stepping ~*~*~tactically~*~*~ (stealth).
  6159 | D:8      | 6159 ||| FLEEEEING.
  6160 | D:8      | 6160 ||| FLEEEEING.
  6191 | D:8      | 6191 ||| Stepping ~*~*~tactically~*~*~ (outnumbered).
  6192 | D:8      | 6192 ||| Stepping ~*~*~tactically~*~*~ (outnumbered).
  6195 | D:8      | 6195 ||| Stepping ~*~*~tactically~*~*~ (outnumbered).
  6197 | D:8      | 6197 ||| Stepping ~*~*~tactically~*~*~ (outnumbered).
  6206 | D:8      | Reached XP level 10. HP: 79/92 MP: 10/10
  6640 | D:8      | 6640 ||| Stepping ~*~*~tactically~*~*~ (outnumbered).
  6644 | D:8      | 6644 ||| Stepping ~*~*~tactically~*~*~ (outnumbered).
  6656 | D:8      | 6656 ||| DRINKING 3 potions of curing.
  6656 | D:8      | 6656 ||| (to cure confusion)
  6658 | D:8      | 6658 ||| INVOKING Fiery Armour.
  7058 | D:8      | 7058 ||| PLANNING LAIR
  7058 | D:8      | 7058 ||| UPGRADING to +1 hat.
  7063 | D:8      | 7063 ||| READING scroll labelled FEIGRI LUHOAT.
  7064 | D:8      | 7064 ||| READING scroll labelled ZALOQ DYOWNA.
  7065 | D:8      | 7065 ||| DRINKING 2 amethyst potions.
  7066 | D:8      | 7066 ||| DROPPING potion of degeneration.
  7102 | Lair:1   | Entered Level 1 of the Lair of Beasts
  7102 | Lair:1   | Noticed a cane toad
  7111 | Lair:1   | Killed a cane toad
  7112 | Lair:1   | Reached skill level 11 in Unarmed Combat
  7134 | Lair:1   | Noticed Sonja
  7135 | Lair:1   | 7135 ||| INVOKING Fiery Armour.
  7144 | Lair:1   | Killed Sonja
  7159 | Lair:1   | Noticed a six-headed hydra
  7164 | Lair:1   | Killed a seven-headed hydra
  7267 | Lair:1   | 7267 ||| INVOKING Fiery Armour.
  7268 | Lair:1   | 7268 ||| Stepping ~*~*~tactically~*~*~ (outnumbered).
  7269 | Lair:1   | 7269 ||| Stepping ~*~*~tactically~*~*~ (outnumbered).
  7270 | Lair:1   | Reached skill level 9 in Shields
  7271 | Lair:1   | 7271 ||| Stepping ~*~*~tactically~*~*~ (outnumbered).
  7272 | Lair:1   | 7272 ||| Stepping ~*~*~tactically~*~*~ (outnumbered).
  7273 | Lair:1   | 7273 ||| Stepping ~*~*~tactically~*~*~ (outnumbered).
  7274 | Lair:1   | 7274 ||| Stepping ~*~*~tactically~*~*~ (outnumbered).
  7275 | Lair:1   | 7275 ||| Stepping ~*~*~tactically~*~*~ (outnumbered).
  7280 | Lair:1   | 7280 ||| Stepping ~*~*~tactically~*~*~ (outnumbered).
  7282 | Lair:1   | 7282 ||| Stepping ~*~*~tactically~*~*~ (outnumbered).
  7283 | Lair:1   | 7283 ||| Stepping ~*~*~tactically~*~*~ (outnumbered).
  7284 | Lair:1   | 7284 ||| Stepping ~*~*~tactically~*~*~ (outnumbered).
  7286 | Lair:1   | 7286 ||| Stepping ~*~*~tactically~*~*~ (outnumbered).
  7287 | Lair:1   | 7287 ||| Stepping ~*~*~tactically~*~*~ (outnumbered).
  7293 | Lair:1   | 7293 ||| Stepping ~*~*~tactically~*~*~ (outnumbered).
  7294 | Lair:1   | 7294 ||| Stepping ~*~*~tactically~*~*~ (outnumbered).
  7303 | Lair:1   | Reached skill level 12 in Unarmed Combat
  7328 | Lair:1   | 7328 ||| Stepping ~*~*~tactically~*~*~ (hiding).
  7357 | Lair:1   | 7357 ||| Stepping ~*~*~tactically~*~*~ (outnumbered).
  7358 | Lair:1   | 7358 ||| Stepping ~*~*~tactically~*~*~ (outnumbered).
  7359 | Lair:1   | 7359 ||| Stepping ~*~*~tactically~*~*~ (outnumbered).
  7361 | Lair:1   | 7361 ||| Stepping ~*~*~tactically~*~*~ (outnumbered).
  7435 | Lair:1   | Noticed a cane toad
  7439 | Lair:1   | Killed a cane toad
  7440 | Lair:1   | Reached XP level 11. HP: 102/102 MP: 11/11
  7490 | Lair:1   | Noticed Joseph
  7491 | Lair:1   | 7491 ||| Stepping ~*~*~tactically~*~*~ (hiding).
  7507 | Lair:1   | 7507 ||| INVOKING Fiery Armour.
  7509 | Lair:1   | Killed Joseph
  7710 | Lair:1   | 7710 ||| Stepping ~*~*~tactically~*~*~ (outnumbered).
  7711 | Lair:1   | 7711 ||| Stepping ~*~*~tactically~*~*~ (outnumbered).
  7712 | Lair:1   | 7712 ||| Stepping ~*~*~tactically~*~*~ (outnumbered).
  7713 | Lair:1   | 7713 ||| Stepping ~*~*~tactically~*~*~ (outnumbered).
  7717 | Lair:1   | 7717 ||| Stepping ~*~*~tactically~*~*~ (outnumbered).
  7718 | Lair:1   | 7718 ||| Stepping ~*~*~tactically~*~*~ (outnumbered).
  7725 | Lair:1   | 7725 ||| INVOKING Fiery Armour.
  7729 | Lair:1   | HP: 23/102 [elephant (6)]
  7730 | Lair:1   | 7730 ||| READING scroll of teleportation.
  7731 | Lair:1   | 7731 ||| DRINKING 4 potions of heal wounds.
  7927 | Lair:1   | Noticed a catoblepas
  7928 | Lair:1   | 7928 ||| Stepping ~*~*~tactically~*~*~ (hiding).
  7932 | Lair:1   | 7932 ||| INVOKING Fiery Armour.
  7939 | Lair:1   | 7939 ||| Stepping ~*~*~tactically~*~*~ (cloud).
  7940 | Lair:1   | Killed a catoblepas
  7941 | Lair:1   | Reached skill level 13 in Unarmed Combat
  8093 | Lair:1   | 8093 ||| Stepping ~*~*~tactically~*~*~ (stealth).
  8098 | Lair:1   | Reached skill level 1 in Armour
  8103 | Lair:1   | 8103 ||| Stepping ~*~*~tactically~*~*~ (outnumbered).
  8104 | Lair:1   | 8104 ||| Stepping ~*~*~tactically~*~*~ (outnumbered).
  8105 | Lair:1   | 8105 ||| Stepping ~*~*~tactically~*~*~ (outnumbered).
  8135 | Lair:1   | 8135 ||| UPGRADING to +2 cloak.
  8145 | Lair:1   | 8145 ||| DROPPING +0 cloak.
  8146 | Lair:1   | 8146 ||| READING scroll labelled FOISABEANI.
  8147 | Lair:1   | 8147 ||| READING 2 scrolls of identify.
  8147 | Lair:1   | 8147 ||| IDENTIFYING grey potion
  8204 | Lair:2   | 8204 ||| Stepping ~*~*~tactically~*~*~ (stealth).
  8205 | Lair:2   | 8205 ||| Stepping ~*~*~tactically~*~*~ (stealth).
  8248 | Lair:2   | Found a frozen archway.
  8249 | Lair:2   | 8249 ||| Stepping ~*~*~tactically~*~*~ (stealth).
  8251 | Lair:2   | 8251 ||| INVOKING Fiery Armour.
  8258 | Lair:2   | 8258 ||| Stepping ~*~*~tactically~*~*~ (outnumbered).
  8260 | Lair:2   | 8260 ||| Stepping ~*~*~tactically~*~*~ (outnumbered).
  8294 | Lair:2   | HP: 23/102 [blink frog (5)]
  8295 | Lair:2   | 8295 ||| DRINKING 3 potions of heal wounds.
  8370 | Lair:2   | 8370 ||| FLEEEEING.
  8371 | Lair:2   | 8371 ||| FLEEEEING.
  8372 | Lair:2   | 8372 ||| FLEEEEING.
  8373 | Lair:2   | 8373 ||| FLEEEEING.
  8395 | Lair:2   | 8395 ||| FLEEEEING.
  8396 | Lair:2   | 8396 ||| FLEEEEING.
  8397 | Lair:2   | 8397 ||| FLEEEEING.
  8544 | Lair:2   | 8544 ||| INVOKING Fiery Armour.
  8559 | Lair:2   | Reached skill level 14 in Unarmed Combat
  8673 | Lair:2   | Found a staircase to the Swamp.
  8674 | Lair:2   | 8674 ||| PLANNING TEMPLE
  8684 | Lair:2   | Reached XP level 12. HP: 106/111 MP: 12/12
  8688 | Lair:2   | 8688 ||| UPGRADING to amulet of reflection.
  8693 | Lair:2   | 8693 ||| DROPPING amulet of magic regeneration.
  8725 | Lair:2   | 8725 ||| STAIRDANCE
  8906 | Temple   | Entered the Ecumenical Temple
  8990 | Temple   | 8990 ||| PLANNING CONVERSION TO OKAWARU
  9003 | Temple   | Fell from the grace of Ignis
  9003 | Temple   | Became a worshipper of Warmaster Okawaru
  9004 | Temple   | 9004 ||| PLANNING LAIR
  9296 | Lair:2   | Reached skill level 6 in Fighting
  9307 | Lair:2   | 9307 ||| FLEEEEING.
  9308 | Lair:2   | 9308 ||| FLEEEEING.
  9309 | Lair:2   | 9309 ||| FLEEEEING.
  9315 | Lair:2   | 9315 ||| STAIRDANCE
  9644 | Lair:2   | HP: 22/114 [fire elemental[the fiery vengeance of Ignis]
                  | (7)]
  9645 | Lair:2   | 9645 ||| DRINKING 2 potions of heal wounds.
  9646 | Lair:2   | 9646 ||| DRINKING potion of heal wounds.
  9647 | Lair:2   | HP: 8/114 [fire elemental[the fiery vengeance of Ignis]
                  | (10)]
  9652 | Lair:2   | HP: 2/114 [fire elemental[the fiery vengeance of Ignis]
                  | (6)]
  9654 | Lair:2   | Mangled by a fire elemental

Levels and vault maps discovered:
D:1:      dpeg_arrival_boxes_within_box, layout_basic
D:2:      layout_basic, hangedman_decor_growths, kennysheep_generic_room_13
D:3:      minmay_spotlight, layout_rooms, grunt_dithmenos_smoke,
          minmay_misc_feat_nine_boxes
D:4:      layout_basic, jmf_multi_god_temple2, minmay_temple_entry_proselytizer
D:5:      layout_loops_ring, nicolae_shop_dragon_depot
D:6:      layout_loops_cross, makhleb_heckhound_becter, uniq_grinder
D:7:      layout_loops_ring, vehumet_crystals, minmay_checkerbox, uniq_pikel
D:8:      layout_gridville, due_lair_maze_entry_diamond
Temple:   minmay_temple_bridge_d
Lair:1:   layout_concentric_octagons, grunt_megastairs_4, serial_bayou_shore_a,
          lemuel_fruit_fields, uniq_joseph, uniq_sonja
Lair:2:   layout_hall_layers, swamp_mist_pool, portal_ice_cave_entry_pillars_2,
          serial_bayou_crossing, infiniplex_staircase_pool_2,
          lemuel_fruit_fields, serial_bayou_shore_b

Skill      XL: |  1  2  3  4  5  6  7  8  9 10 11 12 |
---------------+-------------------------------------+-----
Unarmed Combat | 4 5 6 7 9 10 12 14 | 14.0
Shields        | 2 4 5 6 8 9 10 | 10.0
Throwing       | 1 2 3 4 5 |  5.8
Fighting       | 3 4 5 6 |  6.0
Dodging        | 1 |  1.2
Armour         | 1 |  1.1
Spellcasting   | |  1.0
Fire Magic     | |  2.1

Action                   |  1- 3 |  4- 6 |  7- 9 | 10-12 || total
-------------------------+-------+-------+-------+-------++-------
Melee: Unarmed           |    83 |    98 |   161 |   281 ||   623
       Punch             |     2 |       |       |       ||     2
Throw: Large rock        |       |    26 |    26 |    44 ||    96
       Boomerang         |       |       |       |     9 ||     9
Invok: Fiery Armour      |       |     2 |     2 |     8 ||    12
  Use: Scroll            |     7 |     4 |     6 |     5 ||    22
       Potion            |       |       |     3 |     6 ||     9
 Stab: Distracted        |       |       |     1 |       ||     1
Armor: Robe              |    17 |    22 |    42 |    97 ||   178
Dodge: Dodged            |    24 |    33 |    35 |    93 ||   185
Block: Kite shield       |       |    11 |    46 |   134 ||   191

Table legend:
 A = Non-vault XP
 B = Vault XP
 C = Vault XP percentage of total XP
 D = Non-vault monster count
 E = Vault monster count
 F = Vault count percentage of total count
                 A         B        C        D         E       F
            +---------+---------+-------+---------+---------+-------
      Total |   19128 |    4564 |  19.3 |     199 |      22 |  10.0
            +---------+---------+-------+---------+---------+-------
        D:1 |      25 |       0 |   0.0 |      15 |       0 |   0.0
        D:2 |      43 |       1 |   2.3 |      17 |       1 |   5.6
        D:3 |     152 |       4 |   2.6 |      18 |       2 |  10.0
        D:4 |     173 |      41 |  19.2 |      18 |       1 |   5.3
        D:5 |     602 |       0 |   0.0 |      13 |       0 |   0.0
        D:6 |     501 |    1022 |  67.1 |      24 |       3 |  11.1
        D:7 |    1128 |     243 |  17.7 |      13 |       3 |  18.8
        D:8 |    1376 |    1172 |  46.0 |      16 |       9 |  36.0
     Lair:1 |    7469 |    2081 |  21.8 |      26 |       3 |  10.3
     Lair:2 |    7659 |       0 |   0.0 |      39 |       0 |   0.0
            +---------+---------+-------+---------+---------+-------
